 Dungeon Crawl Stone Soup version 0.17-a0-1399-gd5b76e1 (webtiles) character file.

7460 Kidiri the Basher (level 10, -8/150 HPs)
             Began as a Troll Berserker on June 18, 2015.
             Was a High Priest of Trog.
             Killed from afar by Harold (38 damage)
             ... with a bolt of fire
             ... on level 1 of the Lair of Beasts.
             The game lasted 00:42:05 (9512 turns).

Kidiri the Basher (Troll Berserker)                 Turns: 9512, Time: 00:42:05

Health: -8/150     AC: 15    Str: 35      XL:     10   Next: 94%
Magic:  9/9        EV: 10    Int:  2 (3)  God:    Trog [*****.]
Gold:   275        SH:  9    Dex:  8      Spells: 0 memorised, 9 levels left

rFire  . . .     SeeInvis .     y - +8 flail (protect)
rCold  . . .     Clarity  .     b - +0 animal skin
rNeg   . . .     SustAt   .     C - +0 shield {rPois}
rPois  +         Gourm    +     (helmet restricted)
rElec  .         Spirit   .     k - +0 cloak {rPois}
rCorr  .         Warding  .     (gloves unavailable)
rMut   .         Stasis   .     (boots unavailable)
MR     .....                    w - amulet of rage
Stlth  ..........               (no ring)
                                e - ring of poison resistance

@: berserking, very quick, not resistant to hostile enchantments, extremely
unstealthy
A: unfitting armour, antennae 1, claws 3, rough black scales 1, deterioration 1,
fast metabolism 3, gourmand, regeneration 2, shaggy fur 1, tough skin 2
a: Burn Spellbooks, Berserk, Trog's Hand, Brothers in Arms, Renounce Religion,
Evoke Berserk Rage


You were on level 1 of the Lair of Beasts.
You worshipped Trog.
Trog was extremely pleased with you.
You were very full.

You visited 3 branches of the dungeon, and saw 10 of its levels.
You also visited: Labyrinth.

You collected 410 gold pieces.
You spent 135 gold pieces at shops.

Inventory:

Hand weapons
 y - a +8 flail of protection (weapon)
Armour
 b - a +0 animal skin (worn)
 k - a +0 cloak of poison resistance (worn)
 C - a +0 shield of poison resistance (worn)
Jewellery
 e - a ring of poison resistance (left claw)
 i - the cursed ring of Sicw {rF+ rN+ EV-3 Str+2 Dex-4, unknown}
   (You took it off a minotaur in a labyrinth)

   [ring of evasion]

   It affects your evasion (-3).
   It affects your strength (+2).
   It affects your dexterity (-4).
   It protects you from fire.
   It protects you from negative energy.
   It has a curse placed upon it.
 w - an amulet of rage (around neck)
 A - a +4 ring of intelligence {unknown}
Scrolls
 d - a scroll of fog
 l - 3 scrolls of recharging
 m - 2 scrolls of magic mapping
 o - a scroll of remove curse
 u - 2 scrolls of noise {unknown}
 v - 3 scrolls of teleportation
 B - a scroll of identify
 D - a scroll of torment {unknown}
Potions
 f - 2 potions of magic
 h - 2 potions of curing
 j - a potion of resistance
 n - 2 potions of brilliance
 p - a potion of berserk rage
 q - 2 potions of flight
 r - 3 potions of might
 s - 2 potions of poison {unknown}
 t - a potion of ambrosia {unknown}
 x - a potion of haste {unknown}
Comestibles
 a - 2 slices of pizza
 c - 11 bread rations
 g - 3 meat rations
 z - a chunk of flesh


   Skills:
 + Level 6.7 Fighting
 * Level 10.0 Maces & Flails
 * Level 9.4 Dodging
 + Level 1.3 Shields


You had 9 spell levels left.
You didn't know any spells.

Dungeon Overview and Level Annotations

Branches:
Dungeon (8/15)             Temple (1/1) D:7            Lair (1/8) D:8

Altars:
Ashenzari
Cheibriados
Dithmenos
Elyvilon
Fedhas
Gozag
Kikubaaqudgha
Makhleb
Nemelex Xobeh
Okawaru
Qazlal
Ru
Sif Muna
Trog
Vehumet
Xom
Yredelemnul
Zin
The Shining One

Shops:
D:6 *   D:7 ![

Annotations:
Lair:1 Harold


Innate Abilities, Weirdness & Mutations

You are too large for most types of armour.
You have claws for hands.
Your metabolism is lightning-fast.
You like to eat raw meat.
You heal very quickly.
You are covered in fur (AC +1).
You have very tough skin (AC +2).
You have a pair of small antennae on your head.
You are partially covered in rough black scales (AC +4, Dex -1).
Your body sometimes deteriorates upon taking damage.


Message History

The water moccasin bites you but does no damage.
A river rat comes into view.
You miss the water moccasin.
The water moccasin is almost dead.
The iguana bites you.
* * * LOW HITPOINT WARNING * * *
Unknown command.
What do you say? t - Shout!
Anything else - Stay silent.
You are too berserk!
You sock the porcupine!
The porcupine is heavily wounded.
The water moccasin bites you.
* * * LOW HITPOINT WARNING * * *
Your ogre closely misses the water moccasin.
Harold points at you and mumbles some strange words.
The bolt of fire hits the river rat.
The river rat dies!
The bolt of fire hits you!
You die...

.........*
##..........# **,
.........*
#..........## *##,,
.........*
##.r.......#####P#..
.........*
#..r................
.........*
##..................
.......(.**
#r..#####..#..#..##
,,,,,,,,,,* #@D##
#..####..#*
,,,,,,,,,** #l†#
#...# *..#*
,,,,,,,,,* #r@#*#
#..##**..P*
,,,*,*,,,*
#†S#.####...**,...#
,,*****,,*
#O†........##**....
,,,* **,,*
#..........#***,,,,
,,****,,,*
#..###.##.,,**,,>,,
,,,,,,,,,*
#...***#,,,****,,,,
,,,,,,,,,* #..#*
*,,,* *,,,,
,,***,*,,* *#..#
**,,* *,,,,
,,,****,,*
*...#*****,,****,,,,


You could see Harold, a five-headed hydra, a water moccasin, an iguana, a
porcupine, 3 river rats and a friendly ogre (berserk).

Vanquished Creatures
  A minotaur (Lab)
  The ghost of nuthulu the Fighter, an experienced MiFi (D:6)
  A black mamba (Lair:1)
  A spiny frog (Lair:1)
  A two-headed ogre (D:8)
  Prince Ribbit (D:5)
  A deep elf mage (D:7)
  Sigmund (D:5)
  3 yaks (Lair:1)
  4 basilisks (Lab)
  Menkaure (D:7)
  3 hippogriffs
  3 water moccasins (Lair:1)
  Duvessa (D:6)
  An orc warrior (D:8)
  2 ice beasts
  5 phantoms
  2 sky beasts
  A wasp (D:6)
  A black bear (D:7)
  2 ogres
  A crocodile (Lair:1)
  Blork the orc (D:6)
  7 giant frogs
  Dowan (D:6)
  A scorpion (D:7)
  2 quasits
  7 crimson imps
  A centaur zombie (D:7)
  2 giant frog skeletons
  4 orc wizards
  Crazy Yiuf (D:2)
  A centaur skeleton (D:7)
  2 orc priests
  6 hounds (D:5)
  2 iguanas
  A worker ant (D:6)
  2 hound zombies
  2 hound skeletons
  13 adders
  2 shadow imps
  A river rat (Lair:1)
  3 oozes
  5 worms
  22 orcs
  2 ball pythons (D:1)
  2 bat skeletons
  A bat zombie (D:5)
  11 giant cockroaches
  11 goblins
  12 hobgoblins
  11 jackals
  5 quokkas
  12 bats
  3 giant geckos
  A giant gecko zombie (D:8)
  5 giant newts
  8 kobolds
  12 rats
223 creatures vanquished.

Vanquished Creatures (collateral kills)
  A giant frog (Lair:1)
  An iguana (Lair:1)
2 creatures vanquished.

Vanquished Creatures (others)
  A river rat (Lair:1)
1 creature vanquished.

Grand Total: 226 creatures vanquished

Notes
Turn   | Place    | Note
--------------------------------------------------------------
     0 | D:1      | Kidiri the Troll Berserker began the quest for the Orb.
     0 | D:1      | Reached XP level 1. HP: 22/22 MP: 0/0
   157 | D:1      | Reached XP level 2. HP: 29/29 MP: 1/1
   162 | D:1      | Reached skill level 3 in Maces & Flails
   556 | D:1      | You fall through a shaft!
   556 | D:2      | Found a shattered altar of Ashenzari.
   599 | D:2      | Reached XP level 3. HP: 24/36 MP: 2/2
   719 | D:2      | Acquired Trog's second power
   763 | D:2      | Gained mutation: You are partially covered in rough black scales (AC +4, Dex -1). [potion of beneficial mutation]
   800 | D:2      | Noticed Crazy Yiuf
   807 | D:2      | Killed Crazy Yiuf
   807 | D:2      | Reached XP level 4. HP: 37/44 MP: 3/3
   895 | D:2      | Found a deep blue altar of Sif Muna.
   905 | D:2      | Found a glowing golden altar of the Shining One.
  1811 | D:3      | Gained mutation: Your body sometimes deteriorates upon taking damage. [potion of mutation]
  1811 | D:3      | Gained mutation: You have a pair of small antennae on your head. [potion of mutation]
  1920 | D:3      | Reached XP level 5. HP: 52/52 MP: 4/4
  2147 | D:3      | Found a stormy altar of Qazlal.
  2179 | D:3      | Reached skill level 4 in Maces & Flails
  2608 | D:4      | Noticed a phantom
  2630 | D:4      | Killed a phantom
  2630 | D:4      | Reached XP level 6. HP: 57/61 MP: 5/5
  2942 | D:4      | Found a shimmering altar of Xom.
  3172 | D:5      | Entered Level 5 of the Dungeon
  3182 | D:5      | Reached skill level 5 in Maces & Flails
  3203 | D:5      | Noticed Sigmund
  3228 | D:5      | Killed Sigmund
  3228 | D:5      | Reached XP level 7. HP: 15/67 MP: 6/6
  3429 | D:5      | Reached skill level 5 in Dodging
  3790 | D:5      | Reached skill level 6 in Maces & Flails
  3795 | D:5      | Reached XP level 8. HP: 73/78 MP: 7/7
  4071 | D:5      | Acquired Trog's third power
  4241 | D:5      | Noticed Prince Ribbit
  4263 | D:5      | Killed Prince Ribbit
  4601 | D:6      | Noticed Dowan
  4601 | D:6      | Noticed Duvessa
  4620 | D:6      | Killed Duvessa
  4635 | D:6      | Killed Dowan
  4642 | D:6      | Noticed nuthulu's ghost (experienced MiFi)
  4654 | D:6      | Killed nuthulu's ghost
  4654 | D:6      | Reached skill level 7 in Maces & Flails
  4747 | D:6      | Found a deep blue altar of Sif Muna.
  4760 | D:6      | Noticed Blork the orc
  4797 | D:6      | Killed Blork the orc
  4797 | D:6      | Reached XP level 9. HP: 37/87 MP: 8/8
  5046 | D:6      | Reached skill level 5 in Fighting
  5305 | D:6      | Found Nualomisuu's Assorted Antiques.
  5311 | D:6      | Bought a scroll of identify for 54 gold pieces
  5311 | D:6      | Bought a scroll of teleportation for 81 gold pieces
  5928 | D:7      | Reached skill level 8 in Maces & Flails
  6020 | D:7      | Found Roduri's Distillery.
  6099 | D:7      | Found a staircase to the Ecumenical Temple.
  6745 | D:7      | Noticed Menkaure
  6751 | D:7      | Killed Menkaure
  6822 | D:7      | Found Agimaw's Armour Shoppe.
  7117 | D:8      | Reached XP level 10. HP: 89/97 MP: 9/9
  7175 | D:8      | Reached skill level 9 in Maces & Flails
  7387 | D:8      | Found a staircase to the Lair.
  7926 | Temple   | Entered the Ecumenical Temple
  8125 | Lair:1   | Entered Level 1 of the Lair of Beasts
  8204 | Lair:1   | Found a labyrinth entrance.
  8213 | Lab      | Entered a labyrinth
  8832 | Lab      | Noticed a minotaur
  8847 | Lab      | Killed a minotaur
  8849 | Lab      | Got a faintly glowing lead ring
  9061 | Lair:1   | Noticed a black mamba
  9075 | Lair:1   | Killed a black mamba
  9378 | Lair:1   | Reached skill level 1 in Shields
  9382 | Lair:1   | Reached skill level 10 in Maces & Flails
  9500 | Lair:1   | Noticed Harold
  9504 | Lair:1   | Noticed a five-headed hydra
  9512 | Lair:1   | Killed from afar by Harold

Vault maps used:
D:1:      onia_arrival_pentagram, serial_co_window_serial,
          co_window_of_opportunity_a, co_window_corner_a, co_window_paths_a,
          co_window_paths_a, co_window_paths_b, co_window_of_opportunity_a,
          co_window_corner_a, co_window_broadway_b, co_window_broadway_b,
          co_window_cross_4
D:2:      ashenzari_altar_1, minitemple, uniq_crazy_yiuf_cottage
D:3:      first_bread, minivault_25, nicolae_qazlal_eye_of_the_storm
D:4:      led_xom_imps
D:5:      minmay_curled_crystal, uniq_sigmund, uniq_prince_ribbit1
D:6:      serial_shops, kennysheep_mini, basic_altar, uniq_blork_the_orc,
          uniq_duvessa
D:7:      minmay_temple_entry_junction2, serial_shops, kennysheep_mini_moat,
          kennysheep_little_box, uniq_menkaure
D:8:      lair_0_dummy
Temple:   lightli_temple_of_artemis
Lair:1:   lab_entry_generic, uniq_harold
Lab:      labyrinth_mini_lab, nicolae_lab_big_swirl

Action                   |  1- 3 |  4- 6 |  7- 9 | 10-12 || total
-------------------------+-------+-------+-------+-------++-------
Melee: Mace              |    81 |    61 |     5 |       ||   147
       Flail             |       |   149 |   486 |   174 ||   809
Invok: Berserk           |       |       |     4 |     1 ||     5
       Trog's Hand       |       |       |     1 |       ||     1
       Brothers in Arms  |       |       |     1 |     1 ||     2
       Burn Spellbooks   |       |       |     1 |       ||     1
  Use: Scroll            |     5 |     5 |     7 |     5 ||    22
       Potion            |     2 |     1 |       |     2 ||     5
  Eat: Chunk             |    13 |    18 |    43 |    21 ||    95
       Pizza             |       |       |     1 |       ||     1
       Royal jelly       |       |       |       |     2 ||     2
